 Dungeon Crawl Stone Soup version 0.31-a0-744-gbc345e7fcb (webtiles) character file.

Game seed: 16394315696465179269

1226 Dittersdorf the Trooper (level 8, -1/52 HPs)
             Began as a Gargoyle Fighter on Sept 13, 2023.
             Was a Believer of Okawaru.
             Slain by Maggie
             ... wielding a +0 long sword
              (3 damage)
             ... on level 6 of the Dungeon.
             The game lasted 00:07:06 (4416 turns).

Dittersdorf the Trooper (Gargoyle Fighter)          Turns: 4416, Time: 00:07:06

Health: -1/52      AC: 23    Str: 22    XL:     8   Next: 47%
Magic:  8/8        EV:  8    Int:  9    God:    Okawaru [**....]
Gold:   268        SH:  6    Dex:  9    Spells: 7/7 levels left

rFire   . . .        a - +1 flail
rCold   . . .        c - +1 buckler
rNeg    + . .        m - +0 chain mail
rPois   ∞            t - +0 helmet
rElec   +            s - +0 cloak
rCorr   .            j - +0 pair of gloves
SInv    .            y - +2 pair of boots
Will    .....        u - amulet of regeneration Stlth
                     (no ring)
HPRegen 1.08/turn    (no ring)
MPRegen 0.11/turn

%: no passive effects
@: no status effects
A: sickness immunity, AC +5, negative energy resistance 1, electricity
resistance, torment resistance 1, petrification resistance
a: Renounce Religion, Heroism


You were on level 6 of the Dungeon.
You worshipped Okawaru.
Okawaru was pleased with you.
You visited 1 branch of the dungeon, and saw 6 of its levels.

You collected 268 gold pieces.

Inventory:

Hand Weapons
 a - a +1 flail (weapon)
 e - a +0 morningstar
Missiles
 o - 9 poisoned darts (quivered)
Armour
 c - a +1 buckler (worn)
 j - a +0 pair of gloves (worn)
 m - a +0 chain mail (worn)
 p - a +0 plate armour
 s - a +0 cloak (worn)
 t - a +0 helmet (worn)
 y - a +2 pair of boots (worn)
Jewellery
 u - an amulet of regeneration (around neck)
Wands
 k - a wand of polymorph (10)
 A - a wand of paralysis (15)
Scrolls
 f - 2 scrolls of teleportation
 r - a scroll of revelation
Potions
 d - 3 potions of might
 g - 3 potions of heal wounds {unknown}
 h - a potion of brilliance {unknown}
 i - a potion of invisibility {unknown}
 l - a potion of haste {unknown}
 n - a potion of lignification {unknown}
 w - 2 potions of berserk rage


   Skills:
 + Level 6.3 Fighting
 + Level 5.3 Maces & Flails
 + Level 6.3 Armour
 + Level 6.3 Shields


You had 7 spell levels left.
You didn't know any spells.
Your spell library contained the following spells:

 Spells                   Type           Power      Damage    Failure   Level
 Cause Fear               Hex            0%         N/A       100%        4
 Passage of Golubria      Tloc           0%         N/A       100%        4
 Fireball                 Conj/Fire      0%         3d3       100%        5
 Yara's Violent Unravell  Hex/Tmut       0%         3d3       100%        5
 Tukima's Dance           Hex            Unusable   N/A       N/A         3
 Dragon's Call            Summ           Unusable   N/A       N/A         9

Dungeon Overview and Level Annotations

Branches:
Dungeon (6/15)
 Temple: D:4-7

Altars:
Ashenzari
Hepliaklqana
Okawaru

Shops:
D:4 (

Annotations:
D:6 Maggie


Innate Abilities, Weirdness & Mutations

You are immune to sickness and miasma.
Your stone body is resilient. (AC +5)
You are immune to poison.
You resist negative energy. (rN+)
You are resistant to electric shocks. (rElec)
You are resistant to unholy torment.
You are immune to petrification.


Message History

Throw: 11 darts (poison)
Press: ? - help, Q - select action, (/) - cycle Shift-Dir - straight line, f/p - Maggie
Aim: Maggie, wielding a +0 long sword and wearing +0 acid dragon scales (lightly wounded, poisoned, 54% to hit)
You throw a poisoned dart. The poisoned dart hits Maggie.
Maggie looks even sicker.
Maggie is lightly wounded.
Throw: 10 darts (poison)
Press: ? - help, Q - select action, (/) - cycle Shift-Dir - straight line, f/p - Maggie
Aim: Maggie, wielding a +0 long sword and wearing +0 acid dragon scales (lightly wounded, very poisoned, 54% to hit)
You throw a poisoned dart.
The poisoned dart closely misses Maggie.
You hit Maggie but do no damage.
Maggie is lightly wounded.
Maggie hits you with a +0 long sword.
You barely miss Maggie.
Maggie is lightly wounded.
Maggie hits you but does no damage.
You barely miss Maggie.
Maggie is lightly wounded.
Maggie points at you and mumbles some strange words.
The bolt of fire hits you!
You barely miss Maggie.
Maggie is lightly wounded.
Maggie looks more healthy.
Maggie gestures at you while chanting. The bolt of fire hits you!
* * * LOW HITPOINT WARNING * * *
You hit Maggie.
Maggie is lightly wounded.
Maggie gives herself a magical halo, but it quickly sputters out.
Maggie barely misses you. Maggie hits you but does no damage.
You hit Maggie.
Maggie is lightly wounded.
Maggie gestures at you while chanting. The bolt of fire hits you!
* * * LOW HITPOINT WARNING * * *
You sock Maggie!
Maggie is moderately wounded.
Maggie hits you with a +0 long sword.
You die...

#....#.# #.#
######.# #.#
### #.# #.#
.># #.# #.#
#.# #.# #.#
#.# #.# #.#
#.# #.# #.#
#.##.###.#
#.#
#(?@@....#
#.#
..(...#.#####
#.# (.... #.#
#.# .... #.#
#.# ... #.#
#.# .. ..#
#.# # ... #.#
..# #.# ##.##


You could see Maggie.

Vanquished Creatures
  2 ice beasts (D:5)
  A black bear (D:4)
  An ogre (D:6)
  An orc warrior (D:6)
  2 phantoms
  3 scorpions
  2 hounds (D:5)
  2 orc priests
  2 iguanas
  Ijyb (D:5)
  2 orc wizards
  8 adders
  A white imp (D:5)
  4 worms
  A dart slug (D:3)
  15 orcs
  A bat skeleton (D:2)
  A bat zombie (D:2)
  6 endoplasms
  5 giant cockroaches
  4 goblins
  6 hobgoblins
  7 jackals
  4 quokkas
  3 ball pythons
  A ball python skeleton (D:2)
  6 bats
  A frilled lizard (D:3)
  7 kobolds
  A quokka zombie (D:2)
  7 rats
108 creatures vanquished.

Vanquished Creatures (others)
  An orc wizard (D:4)
1 creature vanquished.

Grand Total: 109 creatures vanquished

Notes
Turn   | Place    | Note
-------+----------+-------------------------------------------
     0 | D:1      | Dittersdorf the Gargoyle Fighter began the quest for the
                  | Orb.
     0 | D:1      | Reached XP level 1. HP: 14/14 MP: 1/1
   187 | D:1      | Reached XP level 2. HP: 19/19 MP: 2/2
   228 | D:1      | Found a faded altar of an unknown god.
   365 | D:1      | You fall into a shaft and drop 1 floor!
   390 | D:2      | Found a hazy altar of Hepliaklqana.
   468 | D:2      | Reached XP level 3. HP: 19/24 MP: 3/3
  1115 | D:2      | Reached XP level 4. HP: 25/29 MP: 4/4
  1806 | D:3      | Found an iron altar of Okawaru.
  1808 | D:3      | Found a broken altar of Ashenzari.
  1818 | D:3      | Became a worshipper of Warmaster Okawaru
  2279 | D:3      | Reached XP level 5. HP: 32/33 MP: 5/5
  2575 | D:4      | Noticed a phantom
  2594 | D:4      | Killed a phantom
  2944 | D:4      | Reached XP level 6. HP: 39/39 MP: 6/6
  3150 | D:4      | Found Patwaa's Weapon Emporium.
  3151 | D:4      | Noticed a black bear
  3165 | D:4      | Reached skill level 5 in Fighting
  3165 | D:4      | Reached skill level 5 in Armour
  3165 | D:4      | Reached skill level 5 in Shields
  3167 | D:4      | Reached * piety under Okawaru
  3168 | D:4      | Reached XP level 7. HP: 44/44 MP: 7/7
  3234 | D:5      | Entered Level 5 of the Dungeon
  3629 | D:5      | Noticed Ijyb
  3693 | D:5      | Killed Ijyb
  3776 | D:5      | Reached XP level 8. HP: 51/51 MP: 8/8
  3859 | D:5      | Reached ** piety under Okawaru
  3962 | D:5      | Reached skill level 5 in Maces & Flails
  4403 | D:6      | Noticed Maggie
  4415 | D:6      | HP: 1/52 [Maggie/bolt of fire (8)]
  4416 | D:6      | Slain by Maggie

Illustrated notes

Levels and vault maps discovered:
D:1:      dpeg_arrival_tiny_k, layout_loops_ring,
          chequers_ecumenical_altar_simple_redux, minmay_tiny_reverse_x
D:2:      layout_basic, basic_altar, serial_undead, serial_undead_c,
          serial_undead_f, serial_undead_d, serial_undead_b, serial_undead_c,
          serial_undead_e
D:3:      layout_basic, chequers_temple_overflow_statue_of_worship
D:4:      layout_basic, kennysheep_small_square
D:5:      layout_basic, uniq_ijyb
D:6:      layout_basic, mainiacjoe_overflow_catch_the_wave, vehumet_statue,
          mainiacjoe_overflow_boulevard, minmay_temple_entry_drinking_statues,
          eino_tiny_chamber, uniq_jeremiah, uniq_maggie, uniq_eustachio

Skill      XL: |  1  2  3  4  5  6  7  8 |
---------------+-------------------------+-----
Fighting       | 4 5 6 |  6.3
Armour         | 4 5 6 |  6.3
Shields        | 4 5 6 |  6.3
Maces & Flails | 3 4 5 |  5.3

Action                     |  1- 3 |  4- 6 |  7- 9 || total
---------------------------+-------+-------+-------++-------
  Melee: Flail             |   131 |   184 |   156 ||   471
         Unarmed           |       |       |    26 ||    26
  Throw: Dart              |       |       |     6 ||     6
    Use: Scroll            |       |       |    11 ||    11
 Armour: Scale mail        |   115 |   125 |   139 ||   379
         Skin              |       |       |    13 ||    13
         Chain mail        |       |       |     8 ||     8
  Dodge: Dodged            |    67 |    86 |    83 ||   236
  Block: Buckler           |    25 |    36 |    40 ||   101

Table legend: (Time is in decaauts)
 A = Elapsed time spent in this place.
 B = Non-inter-level travel time spent in this place.
 C = Inter-level travel time spent in this place.
 D = Time resting spent in this place.
 E = Time spent auto-exploring this place.
 F = Levels seen in this place.
 G = Mean time per level.
                   A        B        C        D        E       F      G
               +--------+--------+--------+--------+--------+-----+--------+
         Total |   4530 |   4292 |    238 |     76 |   3050 |   6 |  755.0 |
       Dungeon |   4530 |   4292 |    238 |     76 |   3050 |   6 |  755.0 |
               +--------+--------+--------+--------+--------+-----+--------+

Top non-repeatable levels by time:
     D:5: 1044 daAuts
     D:3: 921 daAuts
     D:2: 891 daAuts
     D:1: 813 daAuts
     D:4: 730 daAuts
     D:6: 129 daAuts
